 Dungeon Crawl Stone Soup version 0.21-a0-273-g0785366 (webtiles) character file.

33 4thArraOfDagon the Skirmisher (level 3, -4/31 HPs)
             Began as a Minotaur Wizard on Sept 16, 2017.
             Slain by a water moccasin (10 damage)
             ... on level 2 of the Dungeon.
             The game lasted 00:01:50 (398 turns).

4thArraOfDagon the Skirmisher (Minotaur Wizard)      Turns: 398, Time: 00:01:51

Health: -4/31      AC:  3    Str: 11    XL:     3   Next: 12%
Magic:  3/5        EV: 12    Int: 16    God:
Gold:   44         SH:  0    Dex:  8    Spells: 5/6 levels left

rFire    . . .     SeeInvis .   (no weapon)
rCold    . . .     Gourm    .   (no shield)
rNeg     . . .     Faith    .   a - +1 robe
rPois    .         Spirit   .   b - +0 hat
rElec    .         Reflect  .   (no cloak)
rCorr    .         Harm     .   (no gloves)
MR       .....                  (no boots)
Stlth    +.........             (no amulet)
HPRegen  0.10/turn              (no ring)
MPRegen  0.09/turn              (no ring)

@: lethally poisoned (-4 -> -19)
A: retaliatory headbutt, horns 2
a: no special abilities


You were on level 2 of the Dungeon.
You were not hungry.

You visited 1 branch of the dungeon, and saw 3 of its levels.

You collected 44 gold pieces.

Inventory:

Armour
 a - a +1 robe (worn)
 b - a +0 hat (worn)
Books
 c - a book of Minor Magic

   Spells                             Type                      Level
   a - Magic Dart                     Conjuration                  1
   b - Blink                          Translocation                2
   c - Call Imp                       Summoning                    2
   d - Slow                           Hexes                        2
   e - Conjure Flame                  Conjuration/Fire             3
   f - Mephitic Cloud                 Conjuration/Poison/Air       3
Comestibles
 d - 2 bread rations


   Skills:
 + Level 3.4 Fighting
 - Level 2.1 Dodging
 - Level 1.5 Stealth
 - Level 2.1 Spellcasting
 - Level 0.6 Conjurations
   Level 0.6 Summonings
   Level 0.6 Translocations


You had 5 spell levels left.
You knew the following spells:

 Your Spells              Type           Power        Failure   Level  Hunger
a - Magic Dart            Conj           #...         16%         1    #......


Dungeon Overview and Level Annotations

Branches:
Dungeon (3/15)

Altars:


Innate Abilities, Weirdness & Mutations

You reflexively headbutt those who attack you in melee.
You have a pair of horns on your head.


Message History

The water moccasin bites you!
As you read the scroll labeled YPPERA CIHO, it crumbles to dust.
It is a scroll of enchant armour.
Your +0 robe glows green for a moment.
The water moccasin bites you!
* * * LOW HITPOINT WARNING * * *
The water moccasin barely misses you.
Unknown command.
Okay, then.
You feel better. The water moccasin closely misses you.
As you read the scroll labeled GAXAELUOFO, it crumbles to dust.
You feel blessed for a moment.
It was a scroll of remove curse.
The water moccasin closely misses you.
As you read the scroll labeled SESTRE MEUXICRA, it crumbles to dust.
It is a scroll of enchant weapon.
You aren't carrying any weapons that can be enchanted.
The water moccasin bites you.
* * * LOW HITPOINT WARNING * * *
You are lethally poisoned!
The water moccasin poisons you! The water moccasin bites you!
You die...

#. .# #. .# #.
.# #. .#
#.#.######
.........
#######......#
#>....'@.....+
#.#####S.....#
#.# #......#
#.# ...#####
#.# .... #.#
#..... #.#
#.....# #.#
#.....#


You could see a water moccasin.

Vanquished Creatures
  An adder (D:2)
  2 dart slugs (D:1)
  2 giant cockroaches
  A goblin (D:3)
  4 hobgoblins
  A jackal (D:1)
  A kobold (D:1)
  A quokka (D:2)
  A ball python (D:1)
  A bat (D:2)
  A frilled lizard (D:1)
  4 rats
20 creatures vanquished.

Notes
Turn   | Place    | Note
-------+----------+-------------------------------------------
     0 | D:1      | 4thArraOfDagon the Minotaur Wizard began the quest for the Orb.
     0 | D:1      | Reached XP level 1. HP: 14/14 MP: 2/2
    14 | D:1      | Reached skill level 1 in Fighting
   146 | D:1      | Reached skill level 2 in Fighting
   170 | D:1      | Reached XP level 2. HP: 22/24 MP: 4/4
   262 | D:2      | Reached skill level 3 in Fighting
   278 | D:2      | Reached XP level 3. HP: 6/31 MP: 2/5
   391 | D:2      | Noticed a water moccasin
   398 | D:2      | Slain by a water moccasin

Vault maps used:
D:1:      mrwooster_arrival_arrow, hangedman_decor_clover_reticule
D:2:      st_stairs_11
D:3:      grunt_temple_overflow_opulence, gammafunk_temple_overflow_statue,
          uniq_jessica

Skill      XL: |  1  2 |
---------------+-------+-----
Fighting       | 2 3 |  3.4
Dodging        | |  2.1
Stealth        | |  1.5
Spellcasting   | |  2.1
Conjurations   | |  0.6
Summonings     | |  0.6
Translocations | |  0.6

Action                   || total
-------------------------++-------
Melee: Unarmed           ||    56
       Headbutt          ||     7
 Cast: Magic Dart        ||    22
  Use: Potion            ||     4
       Scroll            ||     5
 Stab: Sleeping          ||     1
Armor: Robe              ||     8
Dodge: Dodged            ||    37

Table legend:
 A = Spawn XP
 B = Non-spawn XP
 C = Spawn XP percentage of total XP
 D = Spawn monster count
 E = Non-spawn monster count
 F = Spawn count percentage of total count
 G = Total turns spent on level
                    A         B        C        D         E        F      G
               +---------+---------+-------+---------+---------+-------+---------
         Total |       0 |      48 |   0.0 |       0 |      20 |   0.0 |   398
               +---------+---------+-------+---------+---------+-------+---------
           D:1 |       0 |      23 |   0.0 |       0 |      12 |   0.0 |   253
           D:2 |       0 |      20 |   0.0 |       0 |       5 |   0.0 |    84
           D:3 |       0 |       5 |   0.0 |       0 |       3 |   0.0 |    61
               +---------+---------+-------+---------+---------+-------+---------
